AoeStats
← Zumoshi

Arabia

506401353Analyzed
1v1 RM · 20d ago on Sep 13, 2026· 40m 13s· 2 players
Game mode
Random Map
Map size
Tiny (2 player)
Population
200
Speed
Normal
Resources
Standard
Victory
Conquest
Starting age
Dark Age
Ending age
Imperial Age
RankedLock teamsTeams togetherTeam positionsShared explorationLock speedFull tech treeHidden civsTurbo modeCheats
Victory
Defeat
🇮🇱 Magyars · Israel
1129
+17
🇬🇧 Koreans · United Kingdom
1143
-17
Zumoshi
6:58 Loom
9:35 Feudal Age
10:18 Double-Bit Axe
18:44 Horse Collar
21:54 Castle Age
20:13 Gold Mining
20:30 Fletching
21:23 Padded Archer Armor
21:35 Bloodlines
22:46 Bodkin Arrow
23:14 Husbandry
23:50 Bow Saw
27:08 Thumb Ring
26:46 Light Cavalry
29:08 Scale Barding Armor
31:07 Wheelbarrow
32:42 Corvinian Army
40:05 Imperial Age
39:40 Chain Barding Armor
40:27 Hand Cart
40:45 Leather Archer Armor
41:15 Parthian Tactics
ASBO
6:43 Loom
9:07 Feudal Age
9:40 Double-Bit Axe
10:37 Man-at-Arms
22:02 Castle Age
20:32 Horse Collar
20:43 Gold Mining
20:44 Fletching
22:59 Scale Mail Armor
22:57 Bodkin Arrow
23:13 Bow Saw
22:52 Crossbowman
25:14 Elite Skirmisher
27:05 Wheelbarrow
29:56 Town Watch
32:56 Ballistics
41:05 Imperial Age
39:29 Scale Barding Armor
40:11 Forging
40:30 Heavy Plow
40:52 Chain Barding Armor
Connection lost

Rejoining the realm…

Still unreachable

The connection could not be restored.

Session expired

The server has moved on; the page needs a fresh start.